Map: Orbital Shipyard

Players

Angeluz

  • Race: Zerg Zerg
  • League: Silver

SticklerMac - Winner!

  • Race: Zerg Zerg
  • League: Silver

VOD

Have the link to the VOD?

Description

Time

  • Played on: Oct. 1, 2015, 3:34 p.m.
  • Length: 6:49
Show
View Real Time Build Order
Export as new Build Order

Angeluz Zerg 

Build Orders: Hatch First, Zergling Baneling 

Get SALT Encoding   

  12  0:01  Drone  
  13  0:12  Overlord  
  13  0:18  Drone  
  14  0:23  Drone, Extractor  
  15  0:32  Drone  
  16  0:39  Drone  
  17  0:46  Drone  
  18  0:59  Hatchery  
  17  1:15  Extractor  
  17  1:17  Drone  
  17  1:19  Spawning Pool  
  17  1:21  Drone  
  17  1:24  Drone  
  18  1:34  Drone  
  19  1:40  Drone  
  20  1:50  Drone  
  21  2:00  Overlord  
  21  2:06  Queen  
  22  2:16  Metabolic Boost  
  22  2:22  Zergling x6  
  25  2:25  Queen  
  27  2:37  Baneling Nest  
  27  2:39  Zergling x6  
  28  2:52  Zergling x4  
  30  3:10  Zergling x4  
  30  3:11  Zergling x4  
  34  3:16  Overlord  
  34  3:18  Overlord  
  34  3:23  Zergling x2  
  35  3:35  Baneling x3  
  35  3:36  Baneling x3  
  35  3:41  Zergling x2  
  35  3:42  Zergling x10  
  41  3:55  Evolution Chamber, Drone  
  42  3:56  Drone x2  
  35  4:33  Zergling x2  
  35  4:34  Zergling x22  
  41  4:57  Baneling x6  
  41  4:58  Baneling x3  
  36  5:33  Zergling x2  
  36  5:34  Zergling x10  
  32  5:43  Drone x4  
  36  5:51  Hatchery  
  36  5:57  Drone x3  
  35  6:07  Zergling x2  
  35  6:08  Zergling x2  
  37  6:14  Zergling x2  
  38  6:19  Zergling x2  
  38  6:20  Zergling x12  
  38  6:21  Zergling x2  
  35  6:30  Zergling x4  
Show
View Real Time Build Order
Export as new Build Order

SticklerMac Zerg - Winner!

Build Orders: Pool First, Zergling Baneling 

Get SALT Encoding   

  12  0:01  Drone  
  13  0:11  Drone  
  14  0:17  Overlord  
  14  0:36  Drone x3  
  17  0:46  Spawning Pool  
  16  0:50  Drone  
  16  0:55  Extractor  
  16  0:57  Drone  
  17  1:13  Drone  
  18  1:21  Drone  
  19  1:33  Hatchery  
  19  1:37  Drone  
  19  1:40  Zergling x2  
  20  1:54  Drone  
  21  2:03  Metabolic Boost  
  21  2:04  Drone  
  22  2:14  Overlord  
  22  2:24  Overlord  
  22  2:36  Queen  
  24  2:38  Hatchery  
  24  2:43  Zergling x2  
  23  2:53  Zergling x4  
  23  2:58  Baneling Nest, Drone x2  
  26  3:07  Queen  
  26  3:10  Drone  
  29  3:15  Drone  
  29  3:19  Drone  
  31  3:20  Drone  
  32  3:28  Drone x2  
  34  3:39  Spine Crawler  
  34  3:40  Zergling x2  
  34  3:41  Zergling x2  
  35  3:42  Spine Crawler  
  35  3:43  Baneling  
  35  3:44  Baneling  
  35  3:52  Baneling x4  
  35  3:53  Zergling x8  
  35  3:54  Zergling x2  
  39  3:56  Drone  
  39  4:00  Zergling x2  
  41  4:06  Zergling x2  
  41  4:18  Zergling x4  
  41  4:23  Zergling x2  
  39  4:29  Zergling x4  
  39  4:30  Zergling x12  
  43  4:32  Baneling x2  
  38  4:46  Zergling x4  
  38  4:47  Zergling x2  
  38  4:51  Zergling x2  
  41  4:57  Drone  
  42  5:03  Zergling x2  
  43  5:27  Hatchery  
  32  5:33  Zergling x8  
  32  5:34  Zergling x12  
  36  5:38  Baneling x2  
  36  5:39  Zergling x4  
  36  5:41  Zergling x2  
  39  5:55  Zergling x6  
  39  5:56  Zergling x4  
  43  6:08  Overlord x2  
  43  6:21  Zergling x2  
  43  6:22  Zergling x2  
  42  6:27  Zergling x6  
  42  6:28  Zergling x4  
Tags
 
Add a new tag
Caveats
  • Supply blocks, unpowered buildings, or Contaminate may cause inaccurate times.
  • Supply counts are checked every 10 seconds.